cohdb
Replays
Latest Replays
All Replays
Popular Replays
Top Player Replays
Match Explorer
How It Works
Community
CoH3 Stats
Reddit
Sign in to upload your games and track your stats! →
Sign in with Steam
Match 38333855
Unlisted
Match 38333855
Overview
Messages
Build Orders
End
Royal Engineer Section
Construct Section Command Post
Infantry Section
Infantry Section
Vickers Machine Gun Team
Grenade Package
Construct Platoon Command Post
Humber Armored Car
Construct Field Infirmary
Selects Indian Artillery Battlegroup
Selects Valour
Selects Gurkha Rifles Section
Gurkha Rifles Section
Construct Company Command Post
Foot Guards Section
Unlock M3 Grant Medium Tanks
M3 Grant Medium Tank
BIOHAZARD
Decapsy
0
0
Comments
sign in to comment!
No comments posted yet!